 Dungeon Crawl Stone Soup version 0.18.1-8-gdd0e5ea (webtiles) character file.

454 Krapule the Skirmisher (level 6, -1/50 HPs)
             Began as a Demonspawn Berserker on June 5, 2016.
             Was a Priest of Trog.
             Killed by divine providence
             ... invoked by an orc priest
              (15 damage)
             ... on level 4 of the Dungeon.
             The game lasted 00:10:59 (3527 turns).

Krapule the Skirmisher (Demonspawn Berserker)       Turns: 3527, Time: 00:11:00

Health: -1/50      AC:  8    Str: 20 (22) XL:     6   Next: 76%
Magic:  6/6        EV: 12    Int: 10      God:    Trog [***...]
Gold:   119        SH:  0    Dex: 12      Spells: 0 memorised, 5 levels left

rFire  . . .     SeeInvis .       - Unarmed
rCold  . . .     Gourm    .     w - +0 ring mail
rNeg   . . .     Faith    .     (no shield)
rPois  .         Spirit   .     (helmet restricted)
rElec  .         Dismiss  +     q - +0 cloak
rCorr  .         Reflect  .     (no gloves)
SustAt .         Harm     .     j - +0 pair of boots
MR     ++...                    b - amulet of dismissal
Stlth  +.........               (no ring)
                                l - +4 ring of strength

@: regenerating, very resistant to hostile enchantments, very unstealthy
A: antennae 1, icy blue scales 1, rot immunity
a: Berserk, Trog's Hand, Burn Spellbooks, Renounce Religion


You were on level 4 of the Dungeon.
You worshipped Trog.
Trog was most pleased with you.
You were near starving.

You visited 1 branch of the dungeon, and saw 4 of its levels.

You collected 119 gold pieces.

Inventory:

Armour
 a - a +0 animal skin
 j - a +0 pair of boots (worn)
 o - a +0 scale mail
 q - a +0 cloak (worn)
 w - a +0 ring mail (worn)
Jewellery
 b - an amulet of dismissal (around neck)
 l - a +4 ring of strength (left hand)
Scrolls
 c - 2 scrolls of fog {unknown}
 d - 10 scrolls of identify {unknown}
 e - a scroll of enchant weapon {unknown}
 f - 4 scrolls of remove curse {unknown}
 g - a scroll of noise {unknown}
 h - 2 scrolls of magic mapping {unknown}
 k - 2 scrolls of random uselessness {unknown}
 p - a scroll of fear {unknown}
 u - 2 scrolls of amnesia {unknown}
 v - a scroll of enchant armour {unknown}
Potions
 n - a potion of heal wounds
 x - a potion of haste
 z - a potion of curing
Comestibles
 i - a beef jerky
 m - 3 meat rations
 r - 3 fruits
 s - a bread ration


   Skills:
 + Level 4.8 Fighting
 + Level 3.1 Armour
 + Level 3.8 Dodging
 - Level 0.2 Stealth
 + Level 4.1 Unarmed Combat


You had 5 spell levels left.
You didn't know any spells.

Dungeon Overview and Level Annotations

Branches:
Dungeon (4/15)
 Temple: D:4-7

Altars:
Pakellas
The Shining One


Innate Abilities, Weirdness & Mutations

You have a pair of small antennae on your head.
You are partially covered in icy blue scales (AC +1).
You are immune to rotting.


Message History

You hit the orc priest.
The orc priest is heavily wounded.
The orc priest casts a cantrip, but nothing happens.
The orc misses you.
Your skin crawls.
You feel resistant to hostile enchantments.
You are near starving!
The orc priest barely misses you. The orc hits you but does no damage.
You hit the orc priest but do no damage.
The orc priest is heavily wounded.
The orc priest invokes the aid of Beogh against you.
Beogh smites you!
* * * LOW HITPOINT WARNING * * *
The orc hits you but does no damage.
You closely miss the orc priest.
You punch the orc priest, but do no damage.
The orc priest is heavily wounded.
The orc priest calls down the wrath of Beogh upon you.
Beogh smites you!
You die...

##.## ...# # ##
### .###
#####..... ..#
.# #.. .....
..# ##
#.####.### ..#
#
#.##.....##..#
#.#.......#..#
#.#.......#o.#
#....._...@o.#
#.#.......#..#
#.#......$#..#
##.##.....##..#
#..####.### ..#
#......... .##
#.#######.# ##
#.#######.# ###
#.........#


You could see an orc priest and an orc.

Vanquished Creatures
  Eustachio (D:4)
  The ghost of ThereIsNoGod the Insei, an amateur DsGl (D:3)
  A howler monkey (D:3)
  A crimson imp (D:3)
  A howler monkey skeleton (D:4)
  A gnoll (D:3)
  6 adders
  3 worms (D:2)
  A giant gecko (D:2)
  An orc (D:3)
  5 ball pythons
  2 giant cockroaches
  7 goblins
  8 hobgoblins
  13 jackals
  6 kobolds
  2 quokkas
  10 bats
  6 giant newts
  7 rats
83 creatures vanquished.

Vanquished Creatures (others)
  A rakshasa (D:3)
1 creature vanquished.

Grand Total: 84 creatures vanquished

Notes
Turn   | Place    | Note
--------------------------------------------------------------
     0 | D:1      | Krapule the Demonspawn Berserker began the quest for the Orb.
     0 | D:1      | Reached XP level 1. HP: 18/18 MP: 1/1
   235 | D:1      | Gained mutation: You are immune to rotting. [demonic ancestry]
   235 | D:1      | Reached XP level 2. HP: 24/24 MP: 2/2
   361 | D:1      | HP: 1/24 [jackal (2)]
   896 | D:1      | Gained mutation: You are partially covered in icy blue scales (AC +1). [demonic ancestry]
   896 | D:1      | Reached XP level 3. HP: 19/29 MP: 3/3
   901 | D:1      | Reached ** piety under Trog
  1933 | D:2      | Gained mutation: You have a pair of small antennae on your head. [demonic ancestry]
  1933 | D:2      | Reached XP level 4. HP: 32/36 MP: 4/4
  2757 | D:3      | Reached XP level 5. HP: 41/42 MP: 5/5
  2825 | D:3      | Found an oddly glowing altar of Pakellas.
  2825 | D:3      | Noticed a rakshasa
  2833 | D:3      | Killed a rakshasa
  2909 | D:3      | Found a faded altar to an unknown god.
  2915 | D:3      | Reached *** piety under Trog
  3205 | D:3      | Noticed ThereIsNoGod's ghost (amateur DsGl)
  3221 | D:3      | Killed ThereIsNoGod's ghost
  3221 | D:3      | Reached XP level 6. HP: 49/49 MP: 6/6
  3324 | D:4      | Noticed Eustachio
  3346 | D:4      | Killed Eustachio
  3503 | D:4      | Found a glowing golden altar of the Shining One.
  3527 | D:4      | Killed from afar by an orc priest

Skill      XL: |  1  2  3  4  5  6 |
---------------+-------------------+-----
Dodging        | 2 3 |  3.8
Unarmed Combat | 3 4 |  4.1
Armour         | 2 3 |  3.1
Fighting       | 4 |  4.8
Stealth        | |  0.2

Action                   |  1- 3 |  4- 6 || total
-------------------------+-------+-------++-------
Melee: Unarmed           |   174 |   285 ||   459
       Punch             |     3 |     3 ||     6
Invok: Berserk           |     1 |     2 ||     3
       Trog's Hand       |       |     1 ||     1
  Use: Potion            |     4 |     1 ||     5
 Stab: Sleeping          |     2 |     1 ||     3
       Invisible         |       |     1 ||     1
  Eat: Chunk             |     2 |     3 ||     5
       Bread ration      |     1 |       ||     1
       Pizza             |       |     1 ||     1
Armor: Animal skin       |    32 |    18 ||    50
       Scale mail        |       |    11 ||    11
       Ring mail         |       |    73 ||    73
Dodge: Dodged            |   127 |   201 ||   328
